AoeStats
← 变强先斩欲

Arabia

510251537Analyzed
3v3 RM · 17h ago on Sep 30, 2026· 52m 42s· 6 players
Game mode
Random Map
Map size
Normal (6 player)
Population
200
Speed
Normal
Resources
Standard
Victory
Conquest
Starting age
Dark Age
Ending age
Imperial Age
RankedLock teamsTeams togetherTeam positionsShared explorationLock speedFull tech treeHidden civsTurbo modeCheats
Victory
Defeat
🇷🇺 Tatars · Russia
899
+15
🇨🇳 Chinese · China
898
+15
🇨🇴 Bohemians · Colombia
862
+17
🇨🇳 Huns · China
938
-17
🇧🇷 Cumans · Brazil
886
-16
🇧🇷 Japanese · Brazil
826
-14
huiqunzheng3
0:40 Loom
11:00 Feudal Age
16:42 Castle Age
15:30 Horse Collar
18:35 Heavy Plow
18:30 Double-Bit Axe
21:54 Gold Mining
26:19 Bow Saw
27:45 Wheelbarrow
30:38 Imperial Age
28:41 Fletching
29:35 Stone Mining
29:43 Bodkin Arrow
29:49 Padded Archer Armor
31:22 Bracer
31:38 Leather Archer Armor
32:38 Conscription
34:25 Elite Chu Ko Nu
37:50 Two-Man Saw
36:41 Light Cavalry
37:22 Husbandry
37:33 Bloodlines
37:55 Ring Archer Armor
37:31 Scale Barding Armor
40:06 Chemistry
39:27 Ballistics
40:11 Wheelbarrow
40:40 Chain Barding Armor
41:07 Thumb Ring
42:03 Plate Barding Armor
43:50 Forging
46:30 Iron Casting
46:55 Caravan
49:28 Blast Furnace
49:55 Gold Shaft Mining
49:56 Stone Shaft Mining
parradodj
11:47 Feudal Age
12:14 Horse Collar
22:15 Wheelbarrow
21:26 Town Watch
21:32 Double-Bit Axe
26:46 Castle Age
24:32 Loom
25:45 Fletching
25:55 Padded Archer Armor
26:07 Forging
25:58 Scale Mail Armor
26:04 Scale Barding Armor
26:53 Light Cavalry
27:34 Husbandry
26:58 Pikeman
27:39 Squires
30:24 Bodkin Arrow
29:57 Crossbowman
32:12 Elite Skirmisher
34:14 Leather Archer Armor
37:57 Hand Cart
38:45 Iron Casting
39:39 Town Patrol
40:59 Chain Mail Armor
41:05 Chain Barding Armor
41:19 Caravan
51:34 Imperial Age
50:41 Bow Saw
53:21 Blast Furnace
52:51 Plate Mail Armor
52:22 Bracer
52:52 Ring Archer Armor
51:48 Cavalier
52:07 Halberdier
52:37 Arson
Дарт Вейдер
4:08 Loom
11:03 Feudal Age
11:41 Double-Bit Axe
11:52 Stone Mining
16:12 Gold Mining
15:49 Man-at-Arms
17:29 Forging
19:13 Horse Collar
22:28 Wheelbarrow
24:22 Castle Age
23:31 Arson
26:02 Bow Saw
27:02 Scale Barding Armor
28:05 Husbandry
28:16 Bloodlines
32:15 Iron Casting
34:42 Hand Cart
40:27 Imperial Age
38:30 Ballistics
38:03 Fletching
38:14 Padded Archer Armor
38:34 Chain Barding Armor
41:00 Silk Armor
42:23 Elite Steppe Lancer
43:37 Heavy Camel Rider
45:15 Plate Barding Armor
45:21 Gold Shaft Mining
46:54 Blast Furnace
46:16 Elite Keshik
gM1
10:02 Feudal Age
11:28 Double-Bit Axe
12:18 Man-at-Arms
14:02 Forging
23:45 Wheelbarrow
25:14 Castle Age
23:16 Stone Mining
27:46 Bow Saw
28:29 Wheelbarrow
28:01 Town Watch
28:17 Horse Collar
30:02 Gold Mining
35:48 Husbandry
37:23 Hand Cart
37:44 Heavy Plow
38:10 Bloodlines
40:54 Imperial Age
38:25 Loom
42:45 Parthian Tactics
BIRIBINHA
8:20 Loom
10:34 Feudal Age
11:57 Double-Bit Axe
22:46 Forging
22:36 Scale Mail Armor
22:40 Horse Collar
31:31 Wheelbarrow
30:45 Town Watch
36:09 Gold Mining
36:10 Stone Mining
变强先斩欲
0:41 Loom
9:53 Feudal Age
10:23 Double-Bit Axe
18:54 Castle Age
19:00 Castle Age
17:00 Horse Collar
18:11 Stone Mining
30:05 Imperial Age
28:58 Wheelbarrow
28:37 Gold Mining
28:59 Bow Saw
30:07 Gold Shaft Mining
29:55 Scale Barding Armor
30:37 Hand Cart
31:11 Conscription
31:37 Heavy Cavalry Archer
33:33 Parthian Tactics
33:13 Heavy Plow
33:41 Marauders
34:51 Two-Man Saw
33:47 Fletching
33:58 Padded Archer Armor
34:09 Forging
35:55 Husbandry
36:05 Bloodlines
35:18 Elite Tarkan
36:38 Ballistics
40:07 Leather Archer Armor
40:28 Iron Casting
40:13 Chain Barding Armor
42:29 Caravan
44:32 Plate Barding Armor
46:41 Blast Furnace
Connection lost

Rejoining the realm…

Still unreachable

The connection could not be restored.

Session expired

The server has moved on; the page needs a fresh start.